 Dungeon Crawl Stone Soup version 0.27-a0-887-gcab673c142 (webtiles) character file.

Game seed: 17054570311280571755

296300 spiderkeys the Imperceptible (level 21, -5/140 HPs)
             Began as a Kobold Berserker on Apr 5, 2021.
             Was the Champion of Trog.
             Slain by an orc knight
             ... wielding a +5 great sword
              (14 damage)
             ... on level 2 of the Vaults.
             The game lasted 01:31:05 (64132 turns).

spiderkeys the Imperceptible (Kobold Berserker)    Turns: 64132, Time: 01:31:05

Health: -5/140     AC: 29    Str: 17    XL:     21   Next: 80%
Magic:  21/21      EV: 25    Int: 13    God:    Trog [******]
Gold:   2909       SH: 12    Dex: 25    Spells: 20/20 levels left

rFire    . . .     SeeInvis +   I - +9 quick blade (elec)
rCold    + . .     Faith    .   N - +0 buckler of Omission {+Inv Int+5}
rNeg     . . .     Spirit   .   y - +1 shadow dragon scales
rPois    +         Reflect  +   m - +2 helmet
rElec    .         Harm     .   U - +2 cloak {Stlth+}
rCorr    .         Rampage  .   Q - +2 pair of gloves
Will     +....                  c - +2 pair of boots Stlth **++++++++
                                l - amulet "Jeaseov" {Reflect rPois SH+5}
HPRegen  0.33/turn              A - ring of the Octopus King {AC+1 EV+1 Str+1 Int+1 Dex+1 SInv}
MPRegen  0.17/turn              x - ring "Wevoin" {rPois rC+ Dex+2}

@: berserk cooldown, slowed, very slow
A: small, no large weapons, nightstalker 3, iridescent scales 1, dopey 1,
screaming 1, MP-powered wands
}: 2/15 runes: decaying, serpentine
a: Renounce Religion, Evoke Invisibility, Berserk, Trog's Hand, Brothers in Arms


You were on level 2 of the Vaults.
You worshipped Trog.
Trog was exalted by your worship.
You visited 6 branches of the dungeon, and saw 33 of its levels.

You collected 3312 gold pieces.
You spent 403 gold pieces at shops.

Inventory:

Hand Weapons
 C - a +6 antimagic dagger
 I - a +9 quick blade of electrocution (weapon)
Missiles
 n - 9 curare-tipped darts
 q - 126 poisoned darts
 v - 123 sling bullets
 H - 3 throwing nets
Armour
 c - a +2 pair of boots (worn)
 i - the +8 chain mail of Duty {rF++ rCorr MP+9 Stlth+}
   (You took it off a gnoll sergeant on level 6 of the Dungeon)

   It greatly protects you from fire.
   It affects your magic capacity (+9).
   It protects you from acid and corrosion.
   It makes you more stealthy.
 m - a +2 helmet (worn)
 p - a +1 kite shield of reflection
 y - +1 shadow dragon scales (worn)
 N - the +0 buckler of Omission (worn) {+Inv Int+5}
   (You took it off a cherub on level 14 of the Dungeon)

   It affects your intelligence (+5).
   It lets you turn invisible.
 Q - a +2 pair of gloves (worn)
 U - a +2 cloak of stealth (worn)
 Z - the +0 cloak "Saafac" {rCorr Str+9 Int-4}
   (You found it on level 14 of the Dungeon)

   It affects your strength (+9).
   It affects your intelligence (-4).
   It protects you from acid and corrosion.
Jewellery
 l - the amulet "Jeaseov" (around neck) {Reflect rPois SH+5}
   (You took it off an orc warlord on level 2 of the Orcish Mines)

   [amulet of reflection]

   It reflects blocked missile attacks.
   It protects you from poison.
   It affects your SH (+5).
 x - the ring "Wevoin" (right hand) {rPois rC+ Dex+2}
   (You acquired it on level 3 of the Snake Pit)

   [ring of poison resistance]

   It affects your dexterity (+2).
   It protects you from cold.
   It protects you from poison.
 A - a ring of the Octopus King (left hand) {AC+1 EV+1 Str+1 Int+1 Dex+1 SInv}
   (You bought it in a shop on level 6 of the Dungeon)

   [ring of see invisible]

   It affects your AC (+1).
   It affects your evasion (+1).
   It affects your strength (+1).
   It affects your intelligence (+1).
   It affects your dexterity (+1).
   It lets you see invisible.
 G - a ring of protection from fire
 L - a ring of ice
 V - the ring "Ybrol" {rF+ rC+ Str+6 Int+7 Dex-5}
   (You found it on level 13 of the Dungeon)

   [ring of strength]

   It affects your strength (+6).
   It affects your intelligence (+7).
   It affects your dexterity (-5).
   It protects you from fire.
   It protects you from cold.
Wands
 o - a wand of charming (19)
 t - a wand of digging (11)
 B - a wand of polymorph (36)
 K - a wand of acid (6)
 O - a wand of mindburst (7)
 P - a wand of iceblast (17)
 R - a wand of paralysis (21)
 S - a wand of flame (77)
 T - a wand of random effects (22)
Scrolls
 a - a scroll of blinking
 b - 13 scrolls of identify
 f - a scroll of fear
 h - 6 scrolls of magic mapping
 u - 3 scrolls of teleportation
 w - 3 scrolls of fog
 E - 3 scrolls of silence
Potions
 d - 5 potions of cancellation
 e - 4 potions of lignification
 g - 5 potions of magic
 j - 2 potions of curing
 k - a potion of berserk rage
 r - 5 potions of flight
 s - 3 potions of resistance
 z - 5 potions of ambrosia
 D - a potion of invisibility
 F - 5 potions of attraction
 J - 6 potions of might


   Skills:
 * Level 17.5 Fighting
 - Level 20.7 Short Blades
 - Level 5.0 Armour
 * Level 21.4 Dodging
 * Level 21.9 Stealth
 - Level 4.0 Shields
 + Level 13.1 Evocations


You had 20 spell levels left.
You didn't know any spells.
Your spell library was empty.

Dungeon Overview and Level Annotations

Branches:
Dungeon (15/15)            Temple (0/1) D:7            Lair (6/6) D:9
  Swamp (4/4) Lair:4        Snake (4/4) Lair:4        Slime (0/5) Lair:6
    Orc (2/2) D:9             Elf (0/3) Orc:2        Vaults (2/5) D:14
  Crypt (0/3) Vaults:2     Depths (0/5) D:15

Altars:
Ashenzari
Elyvilon
Fedhas
Hepliaklqana
Kikubaaqudgha
Nemelex Xobeh
Okawaru
Ru
Uskayaw
Xom
The Shining One
Beogh
Jiyva

Shops:
D:6 =   D:9 ([   Orc:2 =[:[   Snake:3 :

Annotations:
D:12 Azrael


Innate Abilities, Weirdness & Mutations

You are small and have problems with some larger weapons.
You are completely attuned to the shadows.
You are partially covered in iridescent scales. (AC +2)
You are dopey. (Int -2)
You occasionally shout uncontrollably at your foes.
You expend magic power (3 MP) to strengthen your wands.


Message History

You block the hell knight skeleton's attack.
The orc knight closely misses you.
You hit the orc knight.
The orc knight is heavily wounded.
You hit the orc knight but do no damage.
The orc knight is heavily wounded.
You puncture the orc knight!
The orc knight is severely wounded.
The orc knight hits you with a +5 great sword!!
You block the hell knight skeleton's attack.
You hit the orc knight but do no damage.
The orc knight is severely wounded.
You hit the orc knight but do no damage.
The orc knight is severely wounded.
The orc knight hits you with a +5 great sword!
* * * LOW HITPOINT WARNING * * *
You block the hell knight skeleton's attack.
You hit the orc knight.
The orc knight is severely wounded.
The orc knight completely misses you.
You hit the orc knight but do no damage.
The orc knight is severely wounded.
You hit the orc knight.
The orc knight is severely wounded.
The hell knight skeleton hits you but does no damage.
You hit the orc knight.
The orc knight is severely wounded.
You block the orc knight's attack.
You hit the orc knight.
Lightning courses through the orc knight!
The orc knight is almost dead.
You block the hell knight skeleton's attack.
You hit the orc knight but do no damage.
The orc knight is almost dead.
The orc knight hits you with a +5 great sword!!
* * * LOW HITPOINT WARNING * * *
Your shadow dragon scales prevents you from hitting the orc knight.
The orc knight is almost dead.
The orc knight hits you with a +5 great sword!
You die...

#..# #. #.o.#########.#.### #..#
...#...#.#.#.#.#.#.... ...#
...#...#...'...#.##### ...#
#..'...#...#...'...... ...#
#...+...'...###'##' ...#
#...#.#.#.#.#....#. ...#
#...#########....#.
...############)Z.#########....'.
...............o@.........)....#.
...............................#.
...............................#.
...............................#.
...............................##
.................................
.........(.................[.....
...........^.....................
################################


You could see an orc knight (strong) and a hell knight skeleton.

Vanquished Creatures
  Margery (Vaults:2)
  Xtahua (Vaults:2)
  Bai Suzhen (Snake:3)
  Saint Roka (Snake:3)
  Kirke (D:12)
  3 sphinxes
  A storm dragon (D:15)
  Roxanne (Snake:3)
  The ghost of Luajer the Cloud Mage, an adept TeAE of Qazlal (D:14)
  A frost giant (D:15)
  7 nagarajas
  A fire giant (Vaults:1)
  7 vault wardens
  5 orc warlords
  Aizul (Snake:4)
  8 ghouls
  A very ugly thing (Vaults:1)
  8 ironbound preservers
  The ghost of Kuris the Covert, a journeyman DsCK of Xom (Lair:5)
  2 stone giants
  2 war gargoyles (Vaults:1)
  11 slime creatures
  The ghost of durn the Thaumaturge, a journeyman HuCj of Sif Muna (D:13)
  An entropy weaver (Vaults:1)
  2 dire elephants (Vaults:1)
  The ghost of Xeynuh the Eclecticist, a journeyman DjIE of Gozag (Lair:5)
  2 bunyips
  The ghost of Hiegg the Archer, a journeyman CeAM of Okawaru (Lair:5)
  A crystal guardian (Vaults:1)
  5 eleionomae
  A fire dragon (Lair:6)
  Josephine (D:11)
  An ettin (D:15)
  3 yaktaur captains
  2 shambling mangroves
  A rakshasa (D:15)
  A peacekeeper (Vaults:1)
  15 naga warriors
  6 ironbound thunderhulks
  4 boulder beetles
  4 vault guards
  14 hydras
  A ghost crab (Swamp:4)
  7 ironbound frosthearts
  18 centaur warriors
  9 anacondas
  Erica (Lair:2)
  A death knight (D:15)
  A two-headed ogre (D:12)
  2 death yaks (Lair:4)
  8 shock serpents
  A dancing weapon (D:13)
  12 alligators
  An orc high priest (Orc:2)
  4 ironbound beastmasters
  14 naga sharpshooters
  Sonja (D:13)
  5 hell knights
  4 skeletal warriors (Vaults:2)
  2 cherubim (D:14)
  2 goliath frogs
  3 spriggan druids
  19 deep trolls
  2 death drakes (shapeshifter)
  A glowing orange brain (Vaults:2)
  9 ironbound convokers
  6 swamp dragons
  5 lindwurms
  4 naga ritualists
  2 phantasmal warriors
  A harpy (shapeshifter) (D:15)
  4 orc knights
  3 deep elf pyromancers (D:15)
  15 harpies
  A tengu skeleton (Vaults:2)
  5 necromancers
  4 wizards
  8 mana vipers
  21 ugly things
  A wolf spider (shapeshifter) (D:15)
  A shining eye (shapeshifter) (D:14)
  5 orc sorcerers
  A manticore (shapeshifter) (D:15)
  3 will-o-the-wisps
  A moth of wrath (shapeshifter) (D:14)
  11 elephants
  A human zombie (Vaults:2)
  8 cyclopes
  4 manticores
  A stone giant skeleton (Vaults:2)
  A sphinx skeleton (Vaults:2)
  5 salamanders
  2 fire giant skeletons (Vaults:2)
  28 naga magi
  A torpor snail (shapeshifter) (D:14)
  33 black mambas
  5 vault sentinels
  2 unseen horrors (D:11)
  5 rime drakes
  9 cane toads
  2 guardian serpents
  2 torpor snails (Lair:4)
  2 gargoyles
  3 kobold demonologists
  7 yaktaurs
  A tengu conjurer (D:15)
  2 freezing wraiths (D:15)
  11 komodo dragons
  2 elf skeletons (Vaults:2)
  7 tyrant leeches
  8 trolls
  A hornet (shapeshifter) (D:14)
  A polar bear (Lair:4)
  3 blink frogs (Lair:2)
  Grinder (D:4)
  10 hornets
  An ettin zombie (Vaults:2)
  A human simulacrum (Vaults:2)
  6 dream sheep (Lair:4)
  5 spriggans
  2 shadows
  3 vampires
  2 redbacks (Vaults:1)
  A wyvern (Lair:3)
  An ettin skeleton (Vaults:2)
  42 yaks
  3 fire elementals (D:12)
  7 wraiths
  6 humans
  2 basilisks
  5 vampire mosquitoes
  4 neqoxecs (D:14)
  Eustachio (D:7)
  2 steam dragons (Lair:6)
  10 wargs
  12 swamp worms
  42 nagas
  6 acid dragons
  2 hell hounds (D:12)
  15 water moccasins
  2 sky beasts (D:5)
  An ogre skeleton (Vaults:2)
  5 swamp drakes
  11 black bears
  43 orc warriors
  7 necrophages
  5 ogres
  6 wolves (Lair:6)
  18 centaurs
  10 kobold brigands
  A wyvern zombie (D:5)
  3 water moccasin zombies (D:5)
  8 bullfrogs
  3 gnoll sergeants
  4 human skeletons (Vaults:2)
  3 scorpions
  A wyvern skeleton (D:6)
  A water moccasin skeleton (D:5)
  10 killer bees
  A wight (D:7)
  2 howler monkeys (D:6)
  5 electric eels (Lair:4)
  4 hounds
  A jelly (D:6)
  3 quasits (D:14)
  A bullfrog zombie (D:5)
  7 centaur zombies
  24 orc priests
  3 centaur skeletons
  2 bullfrog skeletons (D:5)
  6 iguanas
  40 orc wizards
  3 scorpion zombies (D:5)
  2 killer bee zombies (D:5)
  3 hound zombies
  A hound skeleton (D:5)
  2 howler monkey zombies
  2 howler monkey skeletons
  9 gnolls
  7 adders
  2 shadow imps
  2 white imps
  2 ufetubi
  2 adder zombies (D:5)
  4 worms
  A dart slug (D:1)
  99 orcs
  2 ball pythons
  6 endoplasms
  4 giant cockroaches
  3 goblins
  6 hobgoblins
  6 jackals
  37 kobolds
  2 quokkas
  13 bats
  2 frilled lizards
  5 rats
  A spectral goblin (D:8)
1181 creatures vanquished.

Vanquished Creatures (collateral kills)
  A fire giant (Vaults:1)
  A vault warden (Vaults:1)
  An ironbound frostheart (Vaults:1)
  6 hydras (Swamp:4)
  An ironbound beastmaster (Vaults:1)
  A dancing weapon (D:14)
  A deep troll (Vaults:1)
  2 swamp dragons (Swamp:4)
  An ironbound convoker (Vaults:1)
  A vault sentinel (Vaults:1)
  A yaktaur (Vaults:1)
  2 rime drakes (Swamp:4)
  A freezing wraith (Vaults:1)
  2 yaks (D:8)
  A swamp drake (Swamp:4)
  An orc warrior (Orc:1)
  A kobold brigand (D:8)
25 creatures vanquished.

Vanquished Creatures (others)
  Asterion (Snake:4)
  A nagaraja (Snake:4)
  A naga ritualist (Snake:4)
  A harpy (Vaults:2)
  A cyclops (D:12)
  2 humans (D:12)
  A bloated husk (Swamp:4)
  A naga (Snake:1)
  8 foxfires
  12 fungi
  29 plants
  13 withered plants
71 creatures vanquished.

Grand Total: 1277 creatures vanquished

Notes
Turn   | Place    | Note
-------+----------+-------------------------------------------
     0 | D:1      | spiderkeys the Kobold Berserker began the quest for the
                  | Orb.
     0 | D:1      | Reached XP level 1. HP: 14/14 MP: 1/1
   265 | D:1      | Reached skill level 1 in Stealth
   285 | D:1      | Reached XP level 2. HP: 18/19 MP: 2/2
   301 | D:1      | Found a faded altar of an unknown god.
   870 | D:2      | Reached XP level 3. HP: 23/23 MP: 3/3
   904 | D:2      | HP: 1/23 [poisoned by an adder]
  1928 | D:2      | Reached XP level 4. HP: 29/29 MP: 4/4
  2727 | D:3      | Reached ** piety under Trog
  3361 | D:3      | Found a white marble altar of Elyvilon.
  3676 | D:3      | Reached XP level 5. HP: 23/33 MP: 5/5
  4349 | D:4      | Found an ancient bone altar of Kikubaaqudgha.
  4381 | D:4      | Noticed Grinder
  4385 | D:4      | Killed Grinder
  4386 | D:4      | Reached skill level 5 in Short Blades
  4386 | D:4      | Reached skill level 5 in Stealth
  4386 | D:4      | Reached XP level 6. HP: 39/39 MP: 6/6
  4410 | D:4      | Reached XP level 7. HP: 42/44 MP: 7/7
  4491 | D:4      | Found a sacrificial altar of Ru.
  4691 | D:5      | Entered Level 5 of the Dungeon
  4843 | D:5      | Reached skill level 5 in Fighting
  5205 | D:5      | Reached skill level 5 in Dodging
  5205 | D:5      | Reached XP level 8. HP: 31/49 MP: 5/8
  5289 | D:5      | Reached *** piety under Trog
  6258 | D:5      | Reached XP level 9. HP: 55/55 MP: 9/9
  6952 | D:6      | Reached skill level 10 in Stealth
  7057 | D:6      | Found Vatyet's Jewellery Emporium.
  7109 | D:6      | Identified the +8 chain mail of Duty {rF++ rCorr MP+9
                  | Stlth+}
  7170 | D:6      | HP: 3/84 [gnoll sergeant/+2 antimagic spear (8)]
  7869 | D:6      | Reached **** piety under Trog
  7967 | D:6      | Reached skill level 1 in Shields
  8083 | D:6      | Found a blossoming altar of Fedhas.
  8125 | D:6      | Reached XP level 10. HP: 63/63 MP: 10/10
  8387 | D:6      | Found a hide-covered altar of Uskayaw.
  8875 | D:7      | Found a staircase to the Ecumenical Temple.
  9000 | D:7      | Found a shimmering altar of Xom.
  9092 | D:7      | Noticed Eustachio
  9101 | D:7      | Killed Eustachio
 10791 | D:8      | Found a hazy altar of Hepliaklqana.
 11049 | D:9      | Noticed a cyclops
 11084 | D:9      | Killed a cyclops
 11430 | D:9      | Reached XP level 11. HP: 66/68 MP: 11/11
 11650 | D:9      | Reached skill level 5 in Armour
 11683 | D:9      | Found Ceorch's Armour Shop.
 11683 | D:9      | Found a staircase to the Orcish Mines.
 11722 | D:9      | Found Nolin's Weapon Shop.
 11782 | D:9      | Found an iron altar of Okawaru.
 11789 | D:9      | Reached ***** piety under Trog
 12428 | D:8      | Reached skill level 10 in Short Blades
 12793 | D:9      | Found a glowing golden altar of the Shining One.
 13040 | D:9      | Found a staircase to the Lair.
 13363 | D:6      | Bought a ring of the Octopus King {AC+1 EV+1 Str+1 Int+1
                  | Dex+1 SInv} for 403 gold pieces
 13363 | D:6      | Found the ring of the Octopus King {AC+1 EV+1 Str+1 Int+1
                  | Dex+1 SInv}
 13419 | D:10     | Entered Level 10 of the Dungeon
 13525 | D:10     | Found a broken altar of Ashenzari.
 13549 | D:10     | Received a gift from Trog
 13788 | D:10     | Noticed a sea snake
 14188 | D:10     | Reached XP level 12. HP: 66/76 MP: 12/12
 15219 | D:11     | Reached skill level 15 in Stealth
 15269 | D:11     | Noticed Josephine
 15289 | D:11     | Killed Josephine
 16181 | D:11     | Reached skill level 10 in Fighting
 16659 | D:11     | You fall into a shaft and drop 1 floor!
 17068 | D:11     | Identified a scroll of acquirement
 17068 | D:11     | Acquired a +5 quick blade
 17274 | D:12     | Noticed Azrael
 17771 | D:12     | Noticed Kirke
 17771 | D:12     | Noticed a two-headed ogre
 17773 | D:12     | Killed Kirke
 17774 | D:12     | Reached XP level 13. HP: 32/82 MP: 9/13
 18812 | Lair:1   | Entered Level 1 of the Lair of Beasts
 19649 | Lair:2   | Noticed Erica
 19653 | Lair:2   | Killed Erica
 20100 | Lair:2   | Received a gift from Trog
 20101 | Lair:2   | Reached skill level 10 in Dodging
 21721 | Lair:4   | Found a staircase to the Snake Pit.
 22317 | Lair:4   | Found a staircase to the Swamp.
 22445 | Lair:4   | Noticed a five-headed hydra
 22456 | Lair:4   | Killed a five-headed hydra
 22457 | Lair:4   | Reached XP level 14. HP: 72/88 MP: 14/14
 23745 | Lair:5   | Found a runed translucent gate.
 23745 | Lair:5   | Found a runed translucent gate.
 23746 | Lair:5   | Found a runed translucent gate.
 23947 | Lair:5   | Acquired a +2 cloak of stealth
 25076 | Lair:5   | Noticed Kuris's ghost (journeyman DsCK)
 25076 | Lair:5   | Noticed Xeynuh's ghost (journeyman DjIE)
 25077 | Lair:5   | Noticed Hiegg's ghost (journeyman CeAM)
 25381 | Lair:5   | Killed Hiegg's ghost
 25437 | Lair:5   | Killed Xeynuh's ghost
 25438 | Lair:5   | Reached skill level 15 in Short Blades
 25458 | Lair:5   | Killed Kuris's ghost
 25902 | Lair:6   | Entered Level 6 of the Lair of Beasts
 26343 | Lair:6   | Found a viscous altar of Jiyva.
 26343 | Lair:6   | Found a staircase to the Slime Pits.
 28339 | Orc:1    | Entered Level 1 of the Orcish Mines
 28978 | Orc:2    | Entered Level 2 of the Orcish Mines
 28991 | Orc:2    | Noticed an orc warlord
 29049 | Orc:1    | Killed an orc warlord
 29050 | Orc:1    | Reached XP level 15. HP: 65/92 MP: 14/15
 29791 | Orc:2    | Found a staircase to the Elven Halls.
 30092 | Orc:2    | Noticed an orc warlord
 30181 | Orc:2    | Noticed an orc warlord
 30198 | Orc:1    | Killed an orc warlord
 30202 | Orc:1    | Reached ****** piety under Trog
 30455 | Orc:2    | Killed an orc warlord
 30656 | Orc:2    | Received a gift from Trog
 30737 | Orc:2    | Paralysed by an orc sorcerer for 6 turns
 31299 | Orc:2    | Identified the amulet "Jeaseov" {Reflect rPois SH+5}
 31299 | Orc:2    | Noticed an orc warlord
 31404 | Orc:1    | HP: 3/92 [orc warrior/+3 war axe[an orc warlord] (8)]
 32306 | Orc:2    | Killed an orc warlord
 32545 | Orc:2    | Paralysed by an orc sorcerer for 2 turns
 32550 | Orc:2    | Paralysed by an orc sorcerer for 7 turns
 33289 | Orc:2    | Found Wieguts's Antique Armour Shop.
 33290 | Orc:2    | Found Jaukoeh's Book Shop.
 33291 | Orc:2    | Found Woadef's Jewellery Boutique.
 33293 | Orc:2    | Found Dyenkucw's Armour Boutique.
 33603 | Orc:2    | Identified the +1 hat "Pumu" {Will+}
 33729 | D:13     | Noticed Sonja
 33733 | D:13     | Killed Sonja
 33733 | D:13     | Received a gift from Trog
 33957 | D:13     | Found a broken altar of Ashenzari.
 34182 | D:13     | You fall into a shaft and drop 2 floors!
 34182 | D:15     | Entered Level 15 of the Dungeon
 34277 | D:14     | You fall into a shaft and drop 1 floor!
 34277 | D:15     | Noticed a storm dragon
 34277 | D:15     | Noticed a frost giant
 34443 | D:15     | Noticed a quicksilver dragon
 34445 | D:15     | Noticed a sphinx
 34445 | D:15     | a quicksilver dragon changed into a sphinx
 34448 | D:15     | Noticed a fire giant
 34448 | D:15     | a sphinx changed into a fire giant
 34487 | D:14     | Found a gate to the Vaults.
 34668 | D:13     | Found a runed translucent door.
 34668 | D:13     | Found a shimmering altar of Xom.
 34668 | D:13     | Noticed durn's ghost (journeyman HuCj)
 34750 | D:13     | Killed durn's ghost
 34760 | D:13     | Identified the ring "Ybrol" {rF+ rC+ Str+6 Int+7 Dex-5}
 35360 | D:14     | Found a transporter.
 35382 | D:14     | Noticed Luajer's ghost (adept TeAE)
 35387 | D:14     | Killed Luajer's ghost
 35408 | D:14     | Gained mutation: You are clumsy. (Dex -2) [a neqoxec]
 35410 | D:14     | Gained mutation: You expend magic power (3 MP) to
                  | strengthen your wands. [a neqoxec]
 35658 | D:14     | Identified the +0 cloak "Saafac" {rCorr Str+9 Int-4}
 35665 | D:14     | Found a transporter.
 35847 | D:14     | Reached XP level 16. HP: 63/99 MP: 16/16
 36506 | D:14     | Reached skill level 15 in Dodging
 37097 | D:14     | Identified the +0 buckler of Omission {+Inv Int+5}
 37591 | D:14     | Lost mutation: You expend magic power (3 MP) to strengthen
                  | your wands. [potion of mutation]
 37591 | D:14     | Lost mutation: You are clumsy. (Dex -2) [potion of
                  | mutation]
 37591 | D:14     | Gained mutation: You occasionally shout uncontrollably at
                  | your foes. [potion of mutation]
 37591 | D:14     | Gained mutation: You are dopey. (Int -2) [potion of
                  | mutation]
 37591 | D:14     | Gained mutation: You expend magic power (3 MP) to
                  | strengthen your wands. [potion of mutation]
 37591 | D:14     | Gained mutation: You are partially covered in iridescent
                  | scales. (AC +2) [potion of mutation]
 37814 | D:15     | Killed a frost giant
 37814 | D:15     | Noticed a caustic shrike
 37822 | D:15     | Noticed an iron giant
 37822 | D:15     | a caustic shrike changed into an iron giant
 37838 | D:15     | Noticed a titan
 37838 | D:15     | an iron giant changed into a titan
 37844 | D:15     | HP: 4/100 [titan (glowing shapeshifter) (27)]
 37846 | D:15     | Noticed a shard shrike
 37846 | D:15     | a titan changed into a shard shrike
 37847 | D:15     | Noticed a juggernaut
 37847 | D:15     | a shard shrike changed into a juggernaut
 37849 | D:15     | Noticed a rockslime
 37849 | D:15     | a juggernaut changed into a rockslime
 37851 | D:15     | Noticed an iron giant
 37851 | D:15     | a rockslime changed into an iron giant
 37852 | D:15     | Noticed an iron dragon
 37852 | D:15     | an iron giant changed into an iron dragon
 39593 | D:15     | Found a staircase to the Depths.
 39745 | D:15     | Killed a storm dragon
 40007 | D:15     | Received a gift from Trog
 40306 | Swamp:1  | Entered Level 1 of the Swamp
 41294 | Swamp:2  | Reached XP level 17. HP: 102/106 MP: 17/17
 42128 | Swamp:2  | Found a sparkling altar of Nemelex Xobeh.
 43240 | Swamp:3  | Received a gift from Trog
 44076 | Swamp:4  | Entered Level 4 of the Swamp
 45317 | Swamp:4  | Got a decaying rune of Zot
 45630 | Swamp:4  | Reached XP level 18. HP: 58/114 MP: 18/18
 46122 | Snake:1  | Entered Level 1 of the Snake Pit
 46342 | Snake:1  | Identified the +9 long sword "Ajaahy" {vorpal, *Rage *Noise
                  | +Inv Int+7}
 46413 | Snake:1  | Reached skill level 1 in Evocations
 49677 | Snake:2  | Reached skill level 5 in Evocations
 50692 | Snake:3  | Identified Roxanne's Reference Book on the Mountains
 50692 | Snake:3  | Noticed Roxanne
 50711 | Snake:3  | Received a gift from Trog
 51584 | Snake:3  | Killed Roxanne
 51621 | Snake:3  | Acquired the ring "Wevoin" {rPois rC+ Dex+2}
 51724 | Snake:3  | Noticed Bai Suzhen
 51776 | Snake:3  | Killed Bai Suzhen
 52111 | Snake:3  | Identified the +2 robe "Eseguz" {Will- Str+5 Slay+6 SInv}
 52174 | Snake:3  | Found Guir's Book Shop.
 52338 | Snake:3  | Noticed Saint Roka
 52381 | Snake:3  | Killed Saint Roka
 52382 | Snake:3  | Reached XP level 19. HP: 122/122 MP: 19/19
 52846 | Snake:4  | Entered Level 4 of the Snake Pit
 53379 | Snake:4  | Noticed Aizul
 53404 | Snake:4  | Killed Aizul
 54061 | Snake:4  | Noticed Asterion
 54157 | Snake:4  | Received a gift from Trog
 54170 | Snake:4  | Reached skill level 15 in Fighting
 54758 | Snake:4  | Killed Asterion
 55064 | Snake:4  | Received a gift from Trog
 55222 | Snake:4  | Identified the +0 scale mail "Ufilag" {rC+ Str+2 Dex-2}
 55460 | Snake:4  | Got a serpentine rune of Zot
 55883 | Vaults:1 | Entered Level 1 of the Vaults
 56442 | Vaults:1 | Reached skill level 10 in Evocations
 56442 | Vaults:1 | Reached XP level 20. HP: 131/131 MP: 20/20
 57440 | Vaults:1 | Received a gift from Trog
 60180 | Vaults:2 | Received a gift from Trog
 60362 | Vaults:2 | Noticed Xtahua
 60378 | Vaults:2 | Paralysed by Xtahua for 5 turns
 60926 | Vaults:2 | Killed Xtahua
 60927 | Vaults:2 | Reached XP level 21. HP: 137/137 MP: 21/21
 62173 | Vaults:2 | Noticed Margery
 62526 | Vaults:2 | Killed Margery
 63269 | Vaults:2 | Received a gift from Trog
 63716 | Vaults:2 | Found a staircase to the Crypt.
 64132 | Vaults:2 | Slain by an orc knight

Illustrated notes

Levels and vault maps discovered:
D:1:      psy_arrival_terrarium, layout_basic, basic_ecumenical_altar
D:2:      layout_basic, st_stairs_3
D:3:      layout_loops_ring, lemuel_coloured_pillars_altar
D:4:      layout_rooms, nicolae_kikubaaqudgha_miasma_corner,
          nicolae_ru_great_annihilating_truth, uniq_grinder
D:5:      layout_gridville, serial_undead, serial_undead_d, serial_undead_f,
          serial_undead_e, serial_undead_b, serial_undead_e, serial_undead_a,
          serial_undead_c, serial_undead_f, serial_undead_e, serial_undead_c
D:6:      layout_basic, nicolae_overflow_hidden_temple,
          nicolae_overflow_crystal_walls, serial_shops, shop, minmay_ruffians
D:7:      layout_gridville, xom_teletrap_fun, temple_green, sword_in_stone
D:8:      layout_loops_corners, nicolae_hepliaklqana_monster_ancestors
D:9:      layout_cave_pools, old_standard_altar, okawaru_humans,
          grunt_lair_entry_orc_guard_hut, orc_david_3, minivault_27,
          roderic_batcave, nzn_life_drinkers
D:10:     layout_loops_ring, kennysheep_little_box, serial_aquarium,
          aquarium_bridge_square [aquarium_subvault_bridge,
          aquarium_subvault_bridge, aquarium_subvault_window,
          aquarium_subvault_wall], aquarium_window_corner,
          aquarium_window_corner, aquarium_window_1, aquarium_view_2b,
          aquarium_view_2c, aquarium_pool_split, serial_bayou_pond_a
D:11:     layout_long_grid, uniq_josephine
D:12:     layout_basic, minmay_fractal_squares_5, uniq_azrael, uniq_kirke
D:13:     layout_stronghold, ebering_ghost_xom, nicolae_ashenzari_panopticon,
          uniq_sonja
D:14:     layout_small_grid, david_vaults_2, amcnicky_mini_rare_corridor_liquid,
          gammafunk_ghost_stat_death, pf_eden
D:15:     hangedman_depths_entry_civil_slaughter, layout_loops_ring,
          dk_noncrumbling_2, dispersion_dpeg
Lair:1:   layout_gridlike, beast_lair_carwin_2
Lair:2:   layout_regular_city, beast_lair_carwin_6, uniq_erica
Lair:3:   layout_loops_ring, grunt_megastairs_2
Lair:4:   layout_regular_city, minmay_swamp_entry_eels, dummy_snake_entry,
          grunt_megastairs_5, infiniplex_staircase_pool_2, serial_bayou_shore_a
Lair:5:   layout_cave_pods, gammafunk_ghost_cemetery, serial_bayou_shore_b
Lair:6:   guppyfry_lair_end_dragon, layout_misc_corridors,
          dpeg_slime_entry_enclosed_altar
Swamp:1:  layout_falls_marsh, evilmike_swamp_ruin_house_2, swamp_pool3
Swamp:2:  layout_basic_swamp, basic_altar
Swamp:3:  layout_basic_swamp, hangedman_swamp_diagram, swamp_pool1
Swamp:4:  swamp_alternative, layout_basic_swamp
Snake:1:  layout_layer_cave, nicolae_coiled_stairwell_down
Snake:2:  layout_grid_shapes, nicolae_snake_squiggles, serial_bayou_shore_b
Snake:3:  layout_rooms, serial_shops, nicolae_shop_behind_doors,
          statue_in_the_mist_lemuel, uniq_saint_roka, uniq_roxanne,
          uniq_bai_suzhen
Snake:4:  snake_pit, layout_misc_corridors, st_stairs_14, uniq_asterion,
          uniq_aizul
Orc:1:    nicolae_orc_accident_2, layout_caves
Orc:2:    st_orc_mages, layout_diamond_mine, minmay_orc_treasury
Vaults:1: v_misc_17, dpeg_vaults_pockets_of_resistance, ontoclasm_vaults_hangar,
          v_rooms_4, dpeg_vaults_monster_row, v_misc_24, nicolae_vaults_theta,
          vaults_mumra_hex, grunt_vaults_twisty, layout_vaults_maze
Vaults:2: minmay_crypt_entry_skeletal_spiral, grunt_vaults_focal,
          nicolae_vaults_shelves_hall, v_pattern_3, ontoclasm_vaults_chip,
          nicolae_vaults_little_squares_6, nicolae_vaults_border_crossing,
          vaults_room_semicircle, v_misc_27, nicolae_vaults_little_squares_6,
          layout_vaults_omnigrid, uniq_xtahua, uniq_margery

Skill      XL: |  1  2  3  4  5  6  7  8  9 10 11 12 13 14 15 16 17 18 19 20 21 |
---------------+----------------------------------------------------------------+-----
Stealth        | 1 2 3 5 7 9 11 12 14 16 18 19 20 21 | 21.9
Dodging        | 3 4 5 6 7 8 11 12 14 16 18 19 20 21 | 21.4
Fighting       | 4 5 6 7 9 10 11 13 14 15 16 17 | 17.5
Short Blades   | 5 6 7 8 9 10 12 14 16 17 18 19 20 | 20.7
Armour         | 3 4 5 |  5.0
Shields        | 1 3 4 |  4.0
Evocations     | 6 10 12 13 | 13.1

Action                   |  1- 3 |  4- 6 |  7- 9 | 10-12 | 13-15 | 16-18 | 19-21 || total
-------------------------+-------+-------+-------+-------+-------+-------+-------++-------
Melee: Short sword       |    67 |   124 |   438 |   578 |       |       |       ||  1207
       Dagger            |       |       |       |   441 |       |       |       ||   441
       Quick blade       |       |       |       |   100 |  2072 |  2164 |  1974 ||  6310
Throw: Dart              |       |       |       |     3 |     1 |       |       ||     4
Invok: Berserk           |     2 |     5 |    10 |    13 |    20 |    16 |    11 ||    77
       Brothers in Arms  |       |       |       |     1 |     3 |     2 |     2 ||     8
       Trog's Hand       |       |       |       |       |     3 |     5 |     5 ||    13
 Abil: Evoke Invisibilit |       |       |       |       |       |       |     1 ||     1
Evoke: Wand              |       |       |     4 |       |       |     2 |       ||     6
  Use: Scroll            |     3 |       |    12 |    15 |    15 |     9 |    10 ||    64
       Potion            |       |       |     3 |     2 |     4 |     4 |     2 ||    15
 Stab: Sleeping          |     8 |     8 |    12 |    30 |    70 |    35 |    25 ||   188
       Distracted        |     1 |       |     3 |     1 |    13 |     5 |    11 ||    34
       Paralysed         |       |       |     1 |       |       |       |       ||     1
       Invisible         |       |       |       |       |       |       |    10 ||    10
Armor: Animal skin       |     8 |       |       |       |       |       |       ||     8
       Leather armour    |       |    14 |    59 |       |       |       |       ||    73
       Chain mail        |       |       |    48 |   518 |   417 |   363 |   360 ||  1706
       Shadow dragon sca |       |       |       |       |       |       |    31 ||    31
Dodge: Dodged            |    40 |    69 |   285 |   511 |   694 |   665 |  1016 ||  3280
Block: Buckler           |       |       |    20 |   300 |   365 |   556 |   740 ||  1981
       Reflection        |       |       |       |       |    10 |    25 |    45 ||    80

Table legend: (Time is in decaauts)
 A = Elapsed time spent in this place.
 B = Non-inter-level travel time spent in this place.
 C = Inter-level travel time spent in this place.
 D = Time resting spent in this place.
 E = Time spent auto-exploring this place.
 F = Levels seen in this place.
 G = Mean time per level.
                   A        B        C        D        E       F      G
               +--------+--------+--------+--------+--------+-----+--------+
         Total |  60539 |  58276 |   2263 |  20832 |  29633 |  33 | 1834.5 |
       Dungeon |  24840 |  23558 |   1282 |   7583 |  12827 |  15 | 1656.0 |
          Lair |   9221 |   8712 |    509 |   2153 |   5817 |   6 | 1536.8 |
         Swamp |   5666 |   5485 |    181 |   1541 |   3298 |   4 | 1416.5 |
     Snake Pit |   8652 |   8479 |    173 |   3194 |   4016 |   4 | 2163.0 |
  Orcish Mines |   4768 |   4707 |     61 |   2695 |   1110 |   2 | 2384.0 |
        Vaults |   7389 |   7334 |     55 |   3664 |   2563 |   2 | 3694.5 |
               +--------+--------+--------+--------+--------+-----+--------+

Top non-repeatable levels by time:
Vaults:1: 4937 daAuts
   Orc:1: 3304 daAuts
    D:14: 3034 daAuts
 Snake:1: 2690 daAuts
     D:5: 2580 daAuts
Vaults:2: 2452 daAuts
    D:11: 2305 daAuts
 Snake:2: 2290 daAuts
  Lair:5: 2263 daAuts
  Lair:6: 2180 daAuts
    D:10: 2160 daAuts
     D:8: 2085 daAuts
 Snake:4: 2026 daAuts
    D:15: 1927 daAuts
 Swamp:4: 1860 daAuts
